 Dungeon Crawl Stone Soup version 0.26-a0-812-g31a745ddcd (webtiles) character file.

Game seed: 5105635316811469032

49 MalarOregon the Sneak (level 3, -1/26 HPs)
             Began as a Draconian Enchanter on Dec 3, 2020.
             Slain by a gnoll
             ... wielding a +0 spear
              (7 damage)
             ... on level 2 of the Dungeon.
             The game lasted 00:03:05 (910 turns).

MalarOregon the Sneak (Draconian Enchanter)          Turns: 910, Time: 00:03:06

Health: -1/26      AC:  6    Str: 10    XL:     3   Next: 53%
Magic:  4/6        EV: 12    Int: 16    God:
Gold:   34         SH:  0    Dex: 11    Spells: 3/6 levels left

rFire    . . .     SeeInvis .   a - +1 dagger
rCold    . . .     Faith    .   (no shield)
rNeg     . . .     Spirit   .   (armour unavailable)
rPois    .         Reflect  .   (helmet restricted)
rElec    .         Harm     .   l - scarf {shadows}
rCorr    .         Rampage  .   k - +0 pair of gloves
MR       .....                  (no boots)
Stlth    ++........             e - amulet of regeneration
HPRegen  0.48/turn              (no ring)
MPRegen  0.10/turn              (no ring)

@: no status effects
A: unfitting armour, cold-blooded, AC +5
a: no special abilities


You were on level 2 of the Dungeon.
You visited 1 branch of the dungeon, and saw 2 of its levels.

You collected 34 gold pieces.

Inventory:

Hand Weapons
 a - a +1 dagger (weapon)
Armour
 k - a +0 pair of gloves (worn)
   (You found it on level 2 of the Dungeon)
 l - a scarf of shadows (worn)
   (You found it on level 2 of the Dungeon)
Jewellery
 b - a cursed ring of teleportation {unknown}
   (You found it on level 1 of the Dungeon)
 e - an amulet of regeneration (around neck)
   (You found it on level 1 of the Dungeon)
Scrolls
 d - a scroll of amnesia {unknown}
 g - a scroll of noise {unknown}
 h - 5 scrolls of identify {unknown}
 i - a scroll of remove curse {unknown}
 j - a scroll of immolation {unknown}
Potions
 c - a potion of lignification {unknown}
 f - a potion of heal wounds {unknown}


   Skills:
 + Level 1.7 Short Blades
 + Level 2.2 Dodging
 + Level 3.1 Stealth
 + Level 2.4 Spellcasting
 + Level 3.0 Hexes


You had 3 spell levels left.
You knew the following spells:

 Your Spells              Type           Power        Failure   Level
a - Corona                Hex            #......      6%          1
x - Ensorcelled Hibernat  Hex/Ice        #.....       16%         2

Your spell library contained the following spells:

 Spells                   Type           Power        Failure   Level
 Confusing Touch          Hex            #.......     17%         3
 Tukima's Dance           Hex            #.......     17%         3
 Dazzling Flash           Conj/Hex       #.....       32%         3


Dungeon Overview and Level Annotations

Branches:
Dungeon (2/15)

Altars:


Innate Abilities, Weirdness & Mutations

Your plain brown scales are hard. (AC +5)
You cannot fit into any form of body armour.
You are cold-blooded and may be slowed by cold attacks.


Message History

You see here an adder corpse.
Found 3 scrolls labelled LINUIL GUFUAQE and a runed scarf.
You now have 34 gold pieces (gained 3).
j - a scroll labelled MANLUL IGUWA A dart slug comes into view.
You see here 3 scrolls labelled LINUIL GUFUAQE.
The helpless dart slug fails to defend itself.
You puncture the dart slug!
You kill the dart slug!
h - 5 scrolls labelled LINUIL GUFUAQE (gained 3)
k - a pair of gloves You start putting on your armour.
You continue putting on your pair of gloves. x4
You finish putting on your +0 pair of gloves.
l - a runed scarf You start putting on your armour.
You continue putting on your runed scarf. x4
You finish putting on your scarf of shadows.
It gets dark.
Found a stone staircase leading down.
Found a stone staircase leading down.
A gnoll comes into view. It is wielding a +0 flail.
The gnoll shouts!
A gnoll comes into view. It is wielding a +0 flail.
The gnoll shouts!
The gnoll moves out of view.
A gnoll comes into view. It is wielding a +0 spear.
Aim: a gnoll, wielding a +0 flail (chance to defeat MR: 44%)
You feel a numb sensation.
The gnoll looks drowsy...
The gnoll shouts!
A gnoll comes into view. It is wielding a +0 halberd.
The helpless gnoll fails to defend itself.
You puncture the gnoll! The gnoll hits you with a +0 flail.
You closely miss the gnoll. The gnoll closely misses you.
The gnoll completely misses you.
The gnoll shouts!
You hit the gnoll.
The gnoll hits you from afar with a +0 spear.
The gnoll hits you with a +0 flail!
* * * LOW HITPOINT WARNING * * *
You hit the gnoll but do no damage.
The gnoll hits you from afar with a +0 spear.
* * * LOW HITPOINT WARNING * * *
You barely miss the gnoll. The gnoll hits you with a +0 flail.
* * * LOW HITPOINT WARNING * * *
The gnoll barely misses you.
You hit the gnoll.
You kill the gnoll!
The gnoll hits you from afar with a +0 spear!
You die...

#.####.####..####
# #.####.# #.##
#......####.###
######.##.....#
#.##.....#
#.##.....#
#.##.....#
#.##.....#
#@######## #)#
#g# #g# #g# #.#
...


You could see 3 gnolls.

Vanquished Creatures
  A gnoll (D:2)
  An adder (D:2)
  2 dart slugs
  A leopard gecko (D:1)
  A giant cockroach (D:1)
  3 goblins (D:1)
  5 hobgoblins (D:1)
  2 kobolds (D:1)
  5 bats (D:1)
  2 frilled lizards (D:1)
  2 rats (D:1)
25 creatures vanquished.

Notes
Turn   | Place    | Note
-------+----------+-------------------------------------------
     0 | D:1      | MalarOregon the Draconian Enchanter began the quest for the
                  | Orb.
     0 | D:1      | Reached XP level 1. HP: 14/14 MP: 3/3
   183 | D:1      | Reached XP level 2. HP: 20/20 MP: 5/5
   801 | D:2      | Reached XP level 3. HP: 24/26 MP: 4/6
   805 | D:2      | Learned a level 2 spell: Ensorcelled Hibernation
   910 | D:2      | Slain by a gnoll

Illustrated notes

Levels and vault maps discovered:
D:1:      minmay_arrival_up_and_down, layout_loops_corners
D:2:      kennysheep_the_goblin_king, layout_loops_cross, uniq_sigmund

Skill      XL: |  1  2 |
---------------+-------+-----
Dodging        | 2 |  2.2
Stealth        | 3 |  3.1
Hexes          | 3 |  3.0
Short Blades   | |  1.7
Spellcasting   | |  2.4

Action                   || total
-------------------------++-------
Melee: Dagger            ||    94
       Tailslap          ||     8
 Cast: Corona            ||     1
       Ensorcelled Hiber ||     1
 Stab: Sleeping          ||     9
Armor: Skin              ||    27
Dodge: Dodged            ||    58

Table legend: (Time is in decaauts)
 A = Elapsed time spent in this place.
 B = Non-inter-level travel time spent in this place.
 C = Inter-level travel time spent in this place.
 D = Time resting spent in this place.
 E = Time spent auto-exploring this place.
 F = Levels seen in this place.
 G = Mean time per level.
                   A        B        C        D        E       F      G
               +--------+--------+--------+--------+--------+-----+--------+
         Total |    902 |    841 |     61 |     27 |    604 |   2 |  451.0 |
       Dungeon |    902 |    841 |     61 |     27 |    604 |   2 |  451.0 |
               +--------+--------+--------+--------+--------+-----+--------+

Top non-repeatable levels by time:
     D:1: 780 daAuts
     D:2: 121 daAuts
